 Dungeon Crawl Stone Soup version 0.28-a0-563-gf77a47075d (webtiles) character file.

Game seed: 4922552443621304291

88 omnomnOMINOUS the Bolt Thrower (level 4, 0/29 HPs)
             Began as an Octopode Wanderer on Sept 29, 2021.
             Was a Follower of Okawaru.
             Slain by a scorpion (1 damage)
             ... on level 4 of the Dungeon.
             The game lasted 00:07:53 (3683 turns).

omnomnOMINOUS the Bolt Thrower (Octopode Wanderer)  Turns: 3683, Time: 00:07:54

Health: 0/29       AC:  1    Str: 10    XL:     4   Next: 54%
Magic:  6/6        EV: 12    Int: 16    God:    Okawaru [*.....]
Gold:   117        SH:  0    Dex: 11    Spells: 2/6 levels left

rFire   . . .      SeeInvis .   a - +0 trident
rCold   . . .      Faith    .   (no shield)
rNeg    . . .      Spirit   .   (helmet restricted)
rPois   .          Reflect  .   (no amulet)
rElec   .          Harm     .   (no ring)
rCorr   .          Rampage  .   (no ring)
Will    .....                   (no ring)
Stlth   ++........              (no ring)
HPRegen 0.09/turn               (no ring)
MPRegen 0.10/turn               (no ring)
                                (no ring)
                                (no ring)

@: no status effects
A: almost no armour, amphibious, 8 rings, camouflage 1, gelatinous body 1,
(nimble swimmer 1), tentacles
a: Renounce Religion, Heroism


You were on level 4 of the Dungeon.
You worshipped Okawaru.
Okawaru was aware of your devotion.
You visited 1 branch of the dungeon, and saw 4 of its levels.

You collected 147 gold pieces.
You spent 30 gold pieces at shops.

Inventory:

Hand Weapons
 a - a +0 trident (weapon)
 b - a +0 whip of venom
 c - a +0 dagger
 n - a +0 hand crossbow
Missiles
 e - 26 bolts
Armour
 l - a +0 buckler
Jewellery
 o - a ring of fire
Scrolls
 f - 2 scrolls of identify {unknown}
 h - 3 scrolls of silence {unknown}
 i - 2 scrolls of teleportation {unknown}
 m - 2 scrolls of amnesia {unknown}
 p - 2 scrolls of enchant armour {unknown}


   Skills:
 + Level 2.1 Fighting
 - Level 4.0 Crossbows
 - Level 1.0 Throwing
 + Level 0.0 Dodging
 + Level 2.1 Shields
 + Level 1.6 Spellcasting
 + Level 3.6 Ice Magic


You had 2 spell levels left.
You knew the following spells:

 Your Spells              Type           Power      Damage    Failure   Level
a - Freeze                Ice            48%        1d7       4%          1
b - Frozen Ramparts       Ice            24%        1d4       14%         3

Your spell library contained the following spells:

 Spells                   Type           Power      Damage    Failure   Level
 Ozocubu's Armour         Ice            12%        N/A       14%         3
 Hailstorm                Conj/Ice       7%         3d4       71%         4


Dungeon Overview and Level Annotations

Branches:
Dungeon (4/15)
 Temple: D:4-7

Altars:
Okawaru
Ru

Shops:
D:1 !   D:2 [

Annotations:
D:2 exclusion: 3 doors


Innate Abilities, Weirdness & Mutations

You cannot wear most types of armour.
You are amphibious.
You can wear up to eight rings at the same time.
Your skin changes colour to match your surroundings (Stealth+).
Your rubbery body absorbs attacks. (AC +1, EV +1)
((You are camouflaged near water. (Stealth+)))
You have tentacles for arms and can constrict up to eight enemies at once.


Message History

You feel sick. The adder bites you but does no damage.
The scorpion stings you but does no damage.
The adder skeleton bites you but does no damage.
The scorpion stings you but does no damage.
The adder bites you but does no damage.
Okay, then.
Unknown command.
It was a potion of cancellation.
Your magical effects are unravelling.
You feel magically purged.
You feel less wooden.
You feel sick.
You are no longer poisoned.
The adder skeleton bites you. The adder barely misses you.
The scorpion stings you!
* * * LOW HITPOINT WARNING * * *
You are lethally poisoned!
The scorpion poisons you!
Unknown command.
Okay, then.
Unknown command.
You feel better. The adder bites you.
* * * LOW HITPOINT WARNING * * *
The adder skeleton bites you.
* * * LOW HITPOINT WARNING * * *
The scorpion barely misses you.
You aren't carrying any potions.
This is a scroll of acquirement!
Something appears before you! The adder closely misses you.
The adder skeleton barely misses you. The scorpion closely misses you.
The adder barely misses you.
Unknown command.
You aren't carrying any potions.
As you read the scroll labelled WISUCWE QIOZXADD, it crumbles to dust.
You hear a loud clanging noise!
It was a scroll of noise.
You hear an angry hiss.
You hear a shout!
You hear an angry hiss.
You hear a shout! x2; You hear an angry hiss.
The adder skeleton closely misses you. The scorpion stings you.
You die...

......#. . ...."..
........#. .......
.........##.?(....
..........#.......
......#..#.......
....................
.......#............
o.....o#.SZ##.......
.s...#..s@..#.......
.....###............
......####?.........
###.o..# ###........
#.<....# .......?
#.......... ......
#.##....#.. .....#
... ....... ... ...
.......


You could see a scorpion, an adder, an orc and an adder skeleton.

Vanquished Creatures
  3 adders (D:2)
  2 worms (D:2)
  2 dart slugs
  8 bats
  5 endoplasms
  6 goblins
  5 hobgoblins
  4 jackals
  A kobold (D:1)
  3 quokkas
  2 ball pythons (D:1)
  7 frilled lizards
  2 rats
50 creatures vanquished.

Vanquished Creatures (others)
  7 toadstools (D:2)
7 creatures vanquished.

Grand Total: 57 creatures vanquished

Notes
Turn   | Place    | Note
-------+----------+-------------------------------------------
     0 | D:1      | omnomnOMINOUS the Octopode Wanderer began the quest for the
                  | Orb.
     0 | D:1      | omnomnOMINOUS set off with the following items: a +0 hand
                  | crossbow, 27 bolts, a potion of lignification; and the
                  | following spell memorised: Freeze; and the following spells
                  | available to memorise: Frozen Ramparts, Ozocubu's Armour,
                  | Hailstorm
     0 | D:1      | Reached XP level 1. HP: 13/13 MP: 1/1
   236 | D:1      | Reached XP level 2. HP: 18/18 MP: 2/2
   762 | D:1      | Found Caq Joim's Distillery.
   856 | D:1      | Reached skill level 1 in Spellcasting
   859 | D:1      | Reached XP level 3. HP: 23/23 MP: 4/4
  1086 | D:1      | Learned a level 3 spell: Frozen Ramparts
  1155 | D:1      | Bought a potion of curing for 30 gold pieces
  1768 | D:2      | Reached XP level 4. HP: 21/29 MP: 4/6
  1865 | D:2      | Found Minlel's Antique Armour Shop.
  2838 | D:2      | Found a faded altar of an unknown god.
  2845 | D:2      | Became a worshipper of Warmaster Okawaru
  2845 | D:2      | Reached * piety under Okawaru
  3042 | D:3      | Found a sacrificial altar of Ru.
  3627 | D:4      | Noticed a scorpion
  3681 | D:4      | HP: 1/29 [adder skeleton (4)]
  3682 | D:4      | Identified a scroll of acquirement
  3682 | D:4      | Acquired 988 gold pieces
  3683 | D:4      | Slain by a scorpion

Illustrated notes

Levels and vault maps discovered:
D:1:      scummos_arrival_star, layout_loops_ring, serial_shops,
          nicolae_shop_behind_doors, minmay_door_square,
          minmay_misc_feat_encased, minmay_hexomino_p4
D:2:      cheibrodos_fertilizer, layout_basic, serial_shops,
          nicolae_shop_crystal, dreamdust_ecumenical_altar_hidden_monk_grotto,
          minmay_puff
D:3:      layout_loops_ring, mainiacjoe_overflow_small_starburst,
          minmay_liquid_box
D:4:      layout_rooms, amcnicky_altar_gilded, vehumet_statue,
          ebering_ghost_rock_garden, serial_bayou_pond_d

Skill      XL: |  1  2  3  4 |
---------------+-------------+-----
Spellcasting   | 1 |  1.6
Fighting       | 2 |  2.1
Shields        | 2 |  2.1
Crossbows      | |  4.0
Throwing       | |  1.0
Ice Magic      | |  3.6

Action                   |  1- 3 |  4- 6 || total
-------------------------+-------+-------++-------
Melee: Unarmed           |     3 |       ||     3
       Constrict         |    13 |     6 ||    19
       Tentacles         |     7 |     5 ||    12
       Trident           |    58 |    46 ||   104
       Dagger            |    10 |       ||    10
 Fire: Hand crossbow     |    10 |       ||    10
  Use: Potion            |       |     3 ||     3
       Scroll            |       |     2 ||     2
 Stab: Sleeping          |     7 |     5 ||    12
Armor: Skin              |     6 |    14 ||    20
Dodge: Dodged            |    45 |    29 ||    74

Table legend: (Time is in decaauts)
 A = Elapsed time spent in this place.
 B = Non-inter-level travel time spent in this place.
 C = Inter-level travel time spent in this place.
 D = Time resting spent in this place.
 E = Time spent auto-exploring this place.
 F = Levels seen in this place.
 G = Mean time per level.
                   A        B        C        D        E       F      G
               +--------+--------+--------+--------+--------+-----+--------+
         Total |   3713 |   3589 |    124 |    783 |   2164 |   4 |  928.2 |
       Dungeon |   3713 |   3589 |    124 |    783 |   2164 |   4 |  928.2 |
               +--------+--------+--------+--------+--------+-----+--------+

Top non-repeatable levels by time:
     D:1: 1568 daAuts
     D:2: 1464 daAuts
     D:3: 658 daAuts
     D:4: 22 daAuts
